 Dungeon Sprint DCSS version 0.30.1-11-g7821555f0a (webtiles) character file.

Game seed: 10094474099552596559

900000 jagang the Brawler (level 11, -7/82 HPs)
             Began as a Demigod Transmuter on Nov 21, 2023.
             Mangled by a meat berserker
             ... wielding a +9 battleaxe
              (89 damage)
             ... in the Dungeon (Sprint VIII: "Arena of Blood").
             The game lasted 00:00:29 (9 turns).

jagang the Brawler (Demigod Transmuter)                Turns: 9, Time: 00:00:30

Health: -7/82      AC:  2    Str: 23    XL:     11   Next: 49%
Magic:  5/30       EV: 17    Int: 15    God:
Gold:   0          SH:  0    Dex: 14    Spells: 31/32 levels left

rFire   . . .        i - +∞ Axe of Woe
rCold   . . .        (shield currently unavailable)
rNeg    . . .        a - +0 robe
rPois   .            (no helmet)
rElec   .            (no cloak)
rCorr   .            (no gloves)
SInv    .            (no boots)
Will    +....        (no amulet)
Stlth   +            (no ring)
HPRegen 0.33/turn    (no ring)
MPRegen 0.22/turn

%: no teleportation
@: no status effects
A: high MP 1, forlorn, divine attributes
a: no special abilities


You were in the Dungeon.
You visited 1 branch

Inventory:

Hand Weapons
 i - the +∞ Axe of Woe (weapon)
   (You found it in the Dungeon)
Armour
 a - a +0 robe (worn)
Scrolls
 h - a scroll of blinking
Potions
 b - a potion of lignification
 c - a potion of curing
 d - a potion of heal wounds
 e - a potion of haste
 f - 2 potions of magic
 g - a potion of berserk rage


   Skills:
 + Level 3.0 Fighting
 + Level 4.8 Axes
 + Level 10.8 Dodging
 + Level 19.5 Unarmed Combat
 + Level 11.1 Spellcasting
 + Level 10.4 Transmutations


You had 31 spell levels left.
You knew the following spells:

 Your Spells              Type           Power      Damage    Failure   Level
a - Beastly Appendage     Tmut           78%        N/A       1%          1

Your spell library contained the following spells:

 Spells                   Type           Power      Damage    Failure   Level
 Wereblood                Tmut           39%        N/A       1%          2
 Spider Form              Tmut/Pois      24%        N/A       3%          3
 Ice Form                 Ice/Tmut       24%        N/A       10%         4


Dungeon Overview and Level Annotations

Branches:
Dungeon (1/1)


Innate Abilities, Weirdness & Mutations

You have an increased reservoir of magic. (+10% MP)
You shall have no god before yourself.
Your divine heritage dramatically boosts your attributes as you level up.


Message History

Your Transmutations skill gained 8 levels and is now at level 9!
You have reached level 2!
You have reached level 3!
Your experience leads to a dramatic increase in your attributes!
Increase (S)trength, (I)ntelligence, or (D)exterity?
You feel stronger. x4
You have reached level 4!
You have reached level 5!
You have reached level 6!
Your experience leads to a dramatic increase in your attributes!
Increase (S)trength, (I)ntelligence, or (D)exterity?
You feel stronger. x4
You have reached level 7!
You have reached level 8!
You have reached level 9!
Your experience leads to a dramatic increase in your attributes!
Increase (S)trength, (I)ntelligence, or (D)exterity?
You feel stronger. x4
You have reached level 10!
You hit the bag of meat.
You pulverise the bag of meat into a thin bloody mist.
You kill the bag of meat!
The bag of meat appears out of thin air!
A bag of meat comes into view. It is wielding a +9 war axe.
The meat berserker appears out of thin air!
A meat berserker comes into view. It is wielding a +9 battleaxe.
The bag of meat shouts!
The meat berserker shouts!
You hear a shout! x7
The meat berserker rages.
Your Fighting skill increases to level 3!
Your Axes skill increases to level 4!
Your Dodging skill increases to level 10!
Your Unarmed Combat skill gained 2 levels and is now at level 19!
Your Spellcasting skill gained 2 levels and is now at level 11!
Your Transmutations skill increases to level 10!
You have reached level 11!
A bag of meat comes into view. It is wielding a +9 war axe.
You hear a shout! x7
The meat berserker hits you with a +9 battleaxe!!!!
Ouch! That really hurt!
You die...

..........
.......... ....
.......... ....
......... .....
#.......# .....
#.......# ......
.###......O###......
......###OO@...o....
......_...)........
..#....o#.......#.
#_.<._#...O.....
#.....#o....O#.#
.....o...o........
......###.........#.
.###.. ...###......
#.. ...# ......


You could see 5 meat berserkers and 5 bags of meat.

Vanquished Creatures
  2 orcs (D)
2 creatures vanquished.

Notes
Turn   | Place    | Note
-------+----------+-------------------------------------------
     0 | D        | Found the +∞ Axe of Woe
     0 | D        | jagang the Demigod Transmuter began the quest for the Orb.
     0 | D        | Reached XP level 1. HP: 15/15 MP: 5/5
     2 | D        | Noticed a bag of meat
     3 | D        | Noticed a bag of meat
     5 | D        | Noticed a meat berserker
     6 | D        | Noticed a bag of meat
     6 | D        | Noticed a bag of meat
     7 | D        | Killed a bag of meat
     7 | D        | Noticed a meat berserker
     7 | D        | Noticed a bag of meat
     7 | D        | Noticed a meat berserker
     8 | D        | Reached skill level 17 in Unarmed Combat
     8 | D        | Reached XP level 2. HP: 25/25 MP: 5/16
     8 | D        | Reached XP level 3. HP: 30/30 MP: 5/17
     8 | D        | Reached XP level 4. HP: 37/37 MP: 5/19
     8 | D        | Reached XP level 5. HP: 42/42 MP: 5/21
     8 | D        | Reached XP level 6. HP: 49/49 MP: 5/22
     8 | D        | Reached XP level 7. HP: 56/56 MP: 5/24
     8 | D        | Reached XP level 8. HP: 62/62 MP: 5/25
     8 | D        | Reached XP level 9. HP: 68/68 MP: 5/27
     8 | D        | Reached XP level 10. HP: 74/74 MP: 5/28
     8 | D        | Noticed a meat berserker
     8 | D        | Killed a bag of meat
     8 | D        | Noticed a bag of meat
     8 | D        | Noticed a meat berserker
     9 | D        | Reached skill level 10 in Dodging
     9 | D        | Reached skill level 19 in Unarmed Combat
     9 | D        | Reached skill level 10 in Transmutations
     9 | D        | Reached XP level 11. HP: 82/82 MP: 5/30
     9 | D        | Noticed a bag of meat
     9 | D        | Mangled by a meat berserker

Illustrated notes

Levels and vault maps discovered:
D:        meatsprint

Skill      XL: |  1  2  3  4  5  6  7  8  9 10 |
---------------+-------------------------------+-----
Fighting       | 2 3 |  3.0
Axes           | 3 4 |  4.8
Dodging        | 9 10 | 10.8
Unarmed Combat | 17 19 | 19.5
Spellcasting   | 9 11 | 11.1
Transmutations | 9 10 | 10.4

Action                     |  1- 3 |  4- 6 |  7- 9 | 10-12 || total
---------------------------+-------+-------+-------+-------++-------
  Melee: Executioner's axe |     1 |       |       |     1 ||     2
